 Dungeon Crawl Stone Soup version 0.30.1 (webtiles) character file.

Game seed: 2845846607220667663

2620 Peloso the Carver (level 9, -1/79 HPs)
             Began as a Minotaur Fighter on July 12, 2023.
             Killed from afar by a steam dragon (12 damage)
             ... with a ball of steam
             ... on level 9 of the Dungeon.
             The game lasted 00:13:10 (5745 turns).

Peloso the Carver (Minotaur Fighter)                Turns: 5745, Time: 00:13:11

Health: -1/79      AC: 25    Str: 23    XL:     9   Next: 34%
Magic:  8/8        EV:  3    Int:  5    God:
Gold:   160        SH: 10    Dex: 12    Spells: 8/8 levels left

rFire   . . .        a - +1 long sword
rCold   . . .        d - +0 kite shield
rNeg    . . .        w - +1 crystal plate armour
rPois   .            (helmet restricted)
rElec   .            g - +0 cloak
rCorr   .            (no gloves)
SInv    .            (no boots)
Will    .....        (no amulet) Stlth
                     l - +4 ring of protection
HPRegen 0.33/turn    (no ring)
MPRegen 0.11/turn

%: no passive effects
@: flying
A: horns 2, retaliatory headbutt
a: no special abilities


You were on level 9 of the Dungeon.
You visited 1 branch of the dungeon, and saw 8 of its levels.
You also visited: Bailey.

You collected 253 gold pieces.
You spent 93 gold pieces at shops.

Inventory:

Hand Weapons
 a - a +1 long sword (weapon)
 b - a +0 spear of flaming
Missiles
 s - 3 throwing nets (quivered)
Armour
 c - a +0 plate armour
 d - a +0 kite shield (worn)
 g - a +0 cloak (worn)
 j - a +2 chain mail of willpower
 k - a +1 chain mail of cold resistance
 w - a +1 crystal plate armour (worn)
 x - the +4 scale mail of the Grue {rElec rC+ Str+3 Int-3}
   (You found it in a bailey)

   Str:       It affects your strength (+3).
   Int:       It affects your intelligence (-3).
   rC:        It protects you from cold.
   rElec:     It insulates you from electricity.
Jewellery
 l - a +4 ring of protection (left hand)
Scrolls
 p - 2 scrolls of vulnerability
 q - a scroll of silence
 r - a scroll of magic mapping
 z - a scroll of acquirement
Potions
 f - a potion of haste {unknown}
 h - a potion of cancellation
 m - 2 potions of flight
 n - a potion of brilliance
 o - 4 potions of mutation {unknown}
 t - a potion of ambrosia {unknown}
 u - a potion of magic {unknown}
 v - 2 potions of invisibility {unknown}


   Skills:
 + Level 7.2 Fighting
 + Level 9.7 Long Blades
 + Level 8.5 Armour
 + Level 1.0 Dodging
 + Level 0.2 Stealth
 + Level 7.5 Shields


You had 8 spell levels left.
You didn't know any spells.
Your spell library contained the following spells:

 Spells                   Type           Power      Damage    Failure   Level
 Necrotise                Necr           0%         1d4       100%        1
 Shock                    Conj/Air       0%         1d3       100%        1
 Summon Small Mammal      Summ           0%         N/A       100%        1
 Inner Flame              Hex/Fire       0%         N/A       100%        3
 Flame Wave               Conj/Fire      0%         2d4       100%        4
 Sticky Flame             Conj/Fire      0%         2d3       100%        4


Dungeon Overview and Level Annotations

Branches:
Dungeon (9/15)             Bailey (visited)
 Temple: D:4-7         Lair: D:8-11         Orc: D:9-12

Altars:
Cheibriados
The Shining One

Shops:
D:2 (   D:4 *   D:5 *

Annotations:
D:8 Pikel


Innate Abilities, Weirdness & Mutations

You have a pair of horns on your head.
You reflexively headbutt those who attack you in melee.


Message History

You feel much better. The lemure hits you but does no damage.
This is a scroll of acquirement!
You aren't carrying any items that you can evoke.
Unknown command.
The lemure attacks as you move away! The lemure barely misses you.
The orc priest invokes the aid of Beogh against you.
Beogh smites you!
* * * LOW HITPOINT WARNING * * *
Okay, then.
It was a potion of flight.
You feel very buoyant.
You fly up into the air.
The orc priest casts a cantrip, but nothing happens.
The lemure barely misses you. The lemure attacks as you move away!
You block the lemure's attack. The lemure attacks as you move away!
The lemure hits you but does no damage. The lemure attacks as you move away!
The lemure hits you but does no damage. The lemure attacks as you move away!
The lemure barely misses you.
The orc priest looks satisfied for a moment.
The orc priest begins to cast a cantrip, but forgets the words!
There is a stone staircase leading down here.
The orc priest mumbles some strange prayers to Beogh against you.
Beogh smites you!
* * * LOW HITPOINT WARNING * * *
There is a stone staircase leading down here.
The orc priest hits you but does no damage.
You fly downwards.
The troll bites you.
* * * LOW HITPOINT WARNING * * *
The troll claws you but does no damage. You block the troll's attack.
There is a stone staircase leading up here.
Unknown command.
You slash the orc priest!
The orc priest is heavily wounded.
You feel your willpower return. You block the troll's attack.
The troll claws you but does no damage. The troll claws you.
* * * LOW HITPOINT WARNING * * *
The steam dragon breathes steam at you. The ball of steam hits you!
You die...

..( # ... #.#.#
.#.## ... ### #.#
....
##.#######D....
#.....T.ยงยง.....
#.#####@#######
#.# #o# #.# #.#
#.# #.# #.# #.#
#.# #.# #)# #.#
#.# #.# #.#


You could see a troll and an orc priest (weak-willed).

Vanquished Creatures
  A gargoyle (Bailey)
  4 yaks (D:6)
  A vampire (Bailey)
  A water moccasin (D:6)
  A black bear (D:4)
  An ogre (D:3)
  A lemure (D:8)
  A phantom (D:5)
  A bullfrog (D:6)
  A gnoll sergeant (D:8)
  A howler monkey (D:9)
  9 wolf zombies (Bailey)
  7 vampire bats (Bailey)
  A gnoll bouda (D:4)
  A sleepcap (D:5)
  2 iguanas
  12 gnolls
  5 adders
  A shadow imp (D:5)
  A white imp (D:5)
  2 worms
  3 dart slugs (D:4)
  6 orcs
  2 ball pythons
  6 bats
  11 endoplasms
  2 giant cockroaches (D:3)
  8 hobgoblins
  12 kobolds
  7 quokkas
  5 frilled lizards
  7 goblins
  21 orc zombies (Bailey)
  9 rats
154 creatures vanquished.

Notes
Turn   | Place    | Note
-------+----------+-------------------------------------------
     0 | D:1      | Peloso the Minotaur Fighter began the quest for the Orb.
     0 | D:1      | Reached XP level 1. HP: 19/19 MP: 0/0
   173 | D:1      | Reached XP level 2. HP: 27/27 MP: 1/1
   173 | D:1      | Found a faded altar of an unknown god.
   580 | D:2      | Found Abutesk's Weapon Shoppe.
   895 | D:2      | Reached XP level 3. HP: 33/33 MP: 2/2
  1088 | D:2      | Found a snail-covered altar of Cheibriados.
  1445 | D:3      | Noticed an ogre
  1486 | D:3      | Killed an ogre
  1487 | D:3      | Reached skill level 3 in Long Blades
  1487 | D:3      | Reached skill level 5 in Armour
  1487 | D:3      | Reached XP level 4. HP: 23/40 MP: 3/3
  1487 | D:3      | Reached XP level 5. HP: 26/46 MP: 4/4
  2055 | D:3      | Reached skill level 4 in Long Blades
  2613 | D:4      | Found Lazuro Afrie's Assorted Antiques.
  2619 | D:4      | Bought a scroll labelled FOUSU VENIECW for 26 gold pieces
  2619 | D:4      | Bought a brown potion for 23 gold pieces
  2837 | D:4      | Found a glowing golden altar of the Shining One.
  2977 | D:4      | Reached XP level 6. HP: 38/53 MP: 5/5
  3323 | D:5      | Entered Level 5 of the Dungeon
  3323 | D:5      | Noticed an orc warrior
  3329 | D:4      | Reached skill level 5 in Long Blades
  3489 | D:5      | Got Sorcery for Amateurs
  3550 | D:5      | Reached skill level 6 in Long Blades
  3550 | D:5      | Reached XP level 7. HP: 60/60 MP: 6/6
  3556 | D:5      | Reached skill level 5 in Shields
  3579 | D:5      | Found Ygecoves's Assorted Antiques.
  3587 | D:5      | Bought an emerald potion for 22 gold pieces
  3587 | D:5      | Bought a sedimented clear potion for 22 gold pieces
  3777 | D:6      | Reached skill level 5 in Fighting
  4023 | D:6      | Noticed a yak
  4047 | D:6      | Killed a yak
  4048 | D:6      | Reached skill level 7 in Long Blades
  4149 | D:6      | Noticed a yak
  4178 | D:6      | Noticed a yak
  4179 | D:6      | Noticed a yak
  4196 | D:6      | Killed a yak
  4197 | D:6      | Reached XP level 8. HP: 53/69 MP: 7/7
  4200 | D:6      | Reached skill level 8 in Long Blades
  4216 | D:6      | You fall into a shaft and drop 3 floors!
  4357 | D:9      | Noticed a troll
  4382 | D:8      | Found a flagged portal.
  4402 | Bailey   | Entered a bailey
  4775 | Bailey   | Reached skill level 9 in Long Blades
  4782 | Bailey   | Reached XP level 9. HP: 78/78 MP: 8/8
  4990 | Bailey   | Noticed a gargoyle
  5000 | Bailey   | Killed a gargoyle
  5001 | Bailey   | Reached skill level 1 in Dodging
  5530 | Bailey   | Identified the +4 scale mail of the Grue {rElec rC+ Str+3
                  | Int-3}
  5694 | D:8      | Noticed Pikel
  5716 | D:8      | HP: 2/79 [lemure[Pikel] (6)]
  5718 | D:8      | Identified a scroll of acquirement
  5745 | D:9      | Killed from afar by a steam dragon

Illustrated notes

Levels and vault maps discovered:
D:1:      nicolae_arrival_somewhat_less_tricky_arrival, layout_rooms,
          shapermc_ecumenical_altar_mp_ritualfount, minmay_misc_feat_room
D:2:      layout_basic, serial_shops, shop_fountains, basic_altar
D:3:      minmay_recursive_quarters, layout_basic, grunt_decor_junction,
          nicolae_figureground_pulse
D:4:      layout_loops_corners, mainiacjoe_overflow_surrounded_room,
          serial_shops, shop
D:5:      layout_basic, serial_shops, shop
D:6:      layout_loops_ring, minmay_temple_entry_arrows,
          kennysheep_generic_room_14
D:8:      layout_loops_cross, serial_rivers, chequers_serial_rivers_small_3,
          chequers_serial_rivers_marsh, chequers_serial_rivers_micro_c,
          chequers_serial_rivers_room_a, chequers_serial_rivers_small_3,
          chequers_serial_rivers_marsh, gammafunk_ghost_ooze, enter_bailey_3,
          uniq_maggie, uniq_pikel, uniq_erica
D:9:      layout_loops_ring, uniq_prince_ribbit1, uniq_harold, uniq_maurice

Skill      XL: |  1  2  3  4  5  6  7  8  9 |
---------------+----------------------------+-----
Shields        | 4 5 6 7 |  7.5
Fighting       | 4 5 6 7 |  7.2
Armour         | 4 5 6 8 |  8.5
Long Blades    | 3 4 6 7 9 |  9.7
Dodging        | 1 |  1.0
Stealth        | |  0.2

Action                     |  1- 3 |  4- 6 |  7- 9 || total
---------------------------+-------+-------+-------++-------
  Melee: Long sword        |    76 |   155 |   264 ||   495
         Headbutt          |    12 |    25 |    57 ||    94
    Use: Scroll            |     5 |     5 |     4 ||    14
         Potion            |     3 |       |     7 ||    10
 Armour: Scale mail        |    16 |       |       ||    16
         Plate armour      |    19 |    84 |   164 ||   267
         Crystal plate arm |       |       |    53 ||    53
  Dodge: Dodged            |    31 |    37 |    83 ||   151
  Block: Buckler           |     7 |    23 |       ||    30
         Kite shield       |       |    12 |   167 ||   179
